 Dungeon Crawl Stone Soup version 0.28.0-53-g5a82cb258f (webtiles) character file.

Game seed: 2014906725511898252

8337 DocClef the Thaumaturge (level 11, -4/72 HPs)
             Began as a Gnoll Fire Elementalist on July 18, 2022.
             Was an Elder of Hepliaklqana.
             Slain by a five-headed hydra (14 damage)
             ... on level 11 of the Dungeon.
             The game lasted 00:17:51 (10928 turns).

DocClef the Thaumaturge (Gnoll Fire Elementalist)  Turns: 10928, Time: 00:17:52

Health: -4/72      AC:  7    Str: 16    XL:     11   Next: 29%
Magic:  23/23      EV: 14    Int: 18    God:    Hepliaklqana [****..]
Gold:   513        SH:  0    Dex: 13    Spells: 5/26 levels left

rFire   + . .      SeeInvis +   x - +9 quarterstaff "Omelette" {freeze, rF+ Str+2 SInv}
rCold   + . .      Faith    +   (shield currently unavailable)
rNeg    + . .      Spirit   .   J - +0 troll leather armour
rPois   .          Reflect  .   o - +1 helmet
rElec   .          Harm     .   (no cloak)
rCorr   .          Rampage  .   (no gloves)
Will    +....                   (no boots)
Stlth   +++.......              d - amulet of Myuzxy {Faith +Inv rC+ rN+}
HPRegen 1.82/turn               F - ring of willpower
MPRegen 0.18/turn               l - +6 ring of strength

@: about to teleport
A: reduced essence, fangs 1, strong nose, distributed training, regeneration 1,
MP-powered wands
a: Renounce Religion, Evoke Invisibility, Recall Ancestor, Ancestor Identity,
Transference, Idealise


You were on level 11 of the Dungeon.
You worshipped Hepliaklqana.
Hepliaklqana was greatly pleased with you.
You visited 2 branches of the dungeon, and saw 12 of its levels.

You collected 513 gold pieces.

Inventory:

Hand Weapons
 x - the +9 quarterstaff "Omelette" (weapon) {freeze, rF+ Str+2 SInv}
   (You found it on level 5 of the Dungeon)

   It freezes those it strikes, dealing additional cold damage.
   It can also slow down cold-blooded creatures.
   Str:       It affects your strength (+2).
   rF:        It protects you from fire.
   SInv:      It lets you see invisible.
 D - a +2 broad axe of electrocution
Armour
 o - a +1 helmet (worn)
 y - +0 steam dragon scales
 G - the +3 hat of Pondering {ponderous, Will+ MP+10 Int+5}
   (You took it off Gastronok on level 9 of the Dungeon)

   Int:       It affects your intelligence (+5).
   MP:        It affects your magic capacity (+10).
   Will:      It increases your willpower.
 J - a +0 troll leather armour (worn)
Jewellery
 d - the amulet of Myuzxy (around neck) {Faith +Inv rC+ rN+}
   (You found it on level 4 of the Dungeon)

   [amulet of faith]

   It allows you to gain divine favour quickly.
   rC:        It protects you from cold.
   rN:        It protects you from negative energy.
   +Inv:      It lets you turn invisible.
 e - a ring of positive energy
 l - a +6 ring of strength (right hand)
 F - a ring of willpower (left hand)
 M - an amulet of the acrobat
Wands
 m - a wand of paralysis (8)
 A - a wand of mindburst (25)
 B - a wand of polymorph (9)
 C - a wand of flame (31)
 O - a wand of charming (7)
Scrolls
 c - 6 scrolls of teleportation
 g - a scroll of magic mapping
 i - 3 scrolls of immolation {unknown}
 j - 3 scrolls of fear
 n - 10 scrolls of identify
 q - a scroll of vulnerability {unknown}
 r - a scroll of enchant armour {unknown}
 s - a scroll of brand weapon {unknown}
 t - 2 scrolls of summoning {unknown}
 w - a scroll of holy word {unknown}
 z - a scroll of fog {unknown}
 E - a scroll of noise {unknown}
 I - a scroll of amnesia {unknown}
 L - a scroll of blinking {unknown}
Potions
 a - 2 potions of degeneration {unknown}
 b - a potion of ambrosia
 f - 6 potions of curing
 h - 3 potions of berserk rage
 k - 6 potions of brilliance {unknown}
 p - a potion of invisibility {unknown}
 u - a potion of might {unknown}
 v - 2 potions of flight {unknown}
 H - a potion of heal wounds {unknown}
 K - a potion of haste {unknown}
 N - a potion of cancellation {unknown}


   Skills:
 + Level 6.1 Fighting
 + Level 6.1 Short Blades
 + Level 6.1 Long Blades
 + Level 6.1 Axes
 + Level 6.1 Maces & Flails
 + Level 6.1 Polearms
 + Level 6.1 Staves
 + Level 6.1 Slings
 + Level 6.1 Bows
 + Level 6.1 Crossbows
 + Level 6.1 Throwing
 + Level 6.1 Armour
 + Level 7.7 Dodging
 + Level 7.5 Stealth
 + Level 6.1 Shields
 + Level 6.1 Unarmed Combat
 + Level 8.0 Spellcasting
 + Level 5.6 Conjurations
 + Level 5.1 Hexes
 + Level 5.1 Summonings
 + Level 5.1 Necromancy
 + Level 5.1 Translocations
 + Level 5.1 Transmutations
 + Level 7.5 Fire Magic
 + Level 5.1 Ice Magic
 + Level 5.1 Air Magic
 + Level 5.1 Earth Magic
 + Level 5.1 Poison Magic
 + Level 6.7 Invocations
 + Level 6.1 Evocations


You had 5 spell levels left.
You knew the following spells:

 Your Spells              Type           Power      Damage    Failure   Level
a - Foxfire               Conj/Fire      100%       2x1d9     1%          1
b - Scorch                Fire           68%        2d8       1%          2
c - Conjure Flame         Conj/Fire      30%        6-21      2%          3
d - Inner Flame           Hex/Fire       30%        N/A       2%          3
e - Slow                  Hex            100%       N/A       1%          1
f - Sticky Flame          Conj/Fire      30%        2d5       8%          4
g - Flame Wave            Conj/Fire      30%        2d8       8%          4
h - Teleport Other        Tloc           25%        N/A       4%          3

Your spell library contained the following spells:

 Spells                   Type           Power      Damage    Failure   Level
 Animate Skeleton         Necr           50%        N/A       1%          1
 Pain                     Necr           100%       1d9       1%          1
 Corpse Rot               Necr/Air       50%        N/A       2%          2
 Poisonous Vapours        Pois/Air       50%        N/A       2%          2
 Ignite Poison            Fire/Tmut/Pois 28%        N/A       3%          3
 Confusing Touch          Hex            25%        N/A       4%          3
 Gell's Gravitas          Tloc           25%        N/A       4%          3
 Lesser Beckoning         Tloc           25%        N/A       4%          3
 Vampiric Draining        Necr           25%        2d7       4%          3


Dungeon Overview and Level Annotations

Branches:
Dungeon (11/15)            Temple (1/1) D:6            Lair (0/6) D:11
    Orc (0/2) D:9

Altars:
Ashenzari
Cheibriados
Dithmenos
Elyvilon
Fedhas
Gozag
Hepliaklqana
Kikubaaqudgha
Makhleb
Nemelex Xobeh
Okawaru
Qazlal
Ru
Sif Muna
Trog
Uskayaw
Vehumet
Wu Jian
Xom
Yredelemnul
Zin
The Shining One

Shops:
D:1 =   D:4 (   D:8 *

Annotations:
D:8 2 transporters, turdburglar's ghost, novice DDFi


Innate Abilities, Weirdness & Mutations

Your life essence is reduced to manifest your ancestor. (-10% HP)
You have very sharp teeth.
Your uncanny sense of smell can sniff out nearby items.
Your experience applies equally to all skills.
Your natural rate of healing is unusually fast.
You expend magic power (3 MP) to strengthen your wands.


Message History

A manticore, a tarantella, a five-headed hydra and a howler monkey come into view.
Found a warped wooden ring, a green potion and a battleaxe.
The five-headed hydra roars!
You hear a roar!
You hear a shout!
The howler monkey howls!
The five-headed hydra bites you but does no damage.
The five-headed hydra bites you.
The five-headed hydra closely misses you.
The five-headed hydra bites you but does no damage.
The five-headed hydra misses you.
A boulder beetle comes into view.
The manticore moves out of view.
The tarantella hisses angrily.
You hear a shout!
As you read the scroll of teleportation, it crumbles to dust.
You feel strangely unstable.
The howler monkey hoots and howls with incredible vigour!
The tarantella barely misses you. The five-headed hydra bites you!
The five-headed hydra bites you.
The five-headed hydra barely misses you.
The five-headed hydra bites you.
The five-headed hydra barely misses you.
You hear an angry hiss.
You hear a roar!
You hear a howl! x2; You hear a roar!
The tarantella touches you but does no damage.
A seven-headed hydra comes into view.
The tarantella touches you!
Found a rapier.
The howler monkey hoots and howls with incredible vigour!
The manticore closely misses you. The manticore claws you.
The manticore claws you!
You hear a shout! x2; You hear a howl! x2; You hear a shout!
Unknown command.
You hit the manticore. You freeze the manticore.
The manticore is lightly wounded.
A tengu warrior comes into view. It is wielding a +0 halberd.
The five-headed hydra misses you. The five-headed hydra bites you!
* * * LOW HITPOINT WARNING * * *
The five-headed hydra barely misses you.
The five-headed hydra bites you!
* * * LOW HITPOINT WARNING * * *
The five-headed hydra bites you!
You die...

,,,,**** **,,,,,,,,,********
,,,,,,,***,,,,,,,**,,,**********
,*,**,,,,,,,,,,,,**,,,,,,,,,,,,*
,*,*,,****,,,,,,,,,,****,,,,,,,**
,*,*,,,****,,,,,,,****,*,,,,,,,,,
,,,,,,,,,,,,,,,,*##*,*,*,,,,,,,**
,*,*,**,,,,,,,*##!*,*,**,,,,,,,**
,*,*,****,,,####H#∆*∆*,*,,,,,,,**
,*,*,**,,,###...@#*#**,*,,,,,,,>,
,*,*,,,,**#....#D#=#∆*,*,,,,,,,,,
,,,,,,***).#....sD#,*,**,,,,*,*,,
,,,,***,,#........Q#,*,*,,,,,,,,,
,,,**,,*,..#.........#,*,,,****,,
,,*,,*,,,#.............#,,,,,,,,,
,,*,,,,*,..#h..........#,,,***,,,
,,**,,*,,#.........#...#,,,,,,,,,
,,***,,**).#.....#..#..#,,,,,,*,,


You could see a seven-headed hydra, a five-headed hydra, a tengu warrior, a
manticore, a tarantella and a howler monkey (catching breath).

Vanquished Creatures
  A two-headed ogre (D:10)
  An ice statue (D:10)
  A komodo dragon (D:10)
  A kobold demonologist (D:9)
  An efreet (D:9)
  3 trolls (D:10)
  Grinder (D:5)
  A yak (D:10)
  A steam dragon (D:9)
  Duvessa (D:6)
  2 acid dragons (D:10)
  3 orc warriors
  A water moccasin (D:6)
  An ice beast (D:6)
  A sky beast (D:7)
  2 black bears
  2 necrophages
  3 ogres
  A phantom (D:7)
  6 centaurs
  2 kobold brigands
  Dowan (D:6)
  9 killer bees
  5 howler monkeys
  2 centaur zombies
  A hound (D:4)
  A jelly (D:5)
  4 orc priests
  An iguana (D:7)
  6 orc wizards
  An adder (D:2)
  3 white imps (D:6)
  An ufetubus (D:7)
  3 dart slugs
  A worm (D:5)
  17 orcs
  3 bats
  6 endoplasms
  3 goblins
  8 hobgoblins
  14 jackals
  8 ball pythons
  6 frilled lizards (D:1)
  8 kobolds
  6 rats
154 creatures vanquished.

Vanquished Creatures (collateral kills)
  Gastronok (D:9)
  An efreet (D:10)
  2 shadows
  Menkaure (D:7)
  A water moccasin (D:6)
  A black bear (D:8)
  2 centaurs
  A kobold brigand (D:9)
  2 killer bees
  A centaur zombie (D:6)
  An orc (D:6)
  4 kobolds (D:9)
18 creatures vanquished.

Vanquished Creatures (others)
  5 hexers
  522 foxfires
527 creatures vanquished.

Grand Total: 699 creatures vanquished

Notes
Turn   | Place    | Note
-------+----------+-------------------------------------------
     0 | D:1      | DocClef the Gnoll Fire Elementalist began the quest for the
                  | Orb.
     0 | D:1      | Reached XP level 1. HP: 13/13 MP: 6/6
   201 | D:1      | Reached XP level 2. HP: 19/19 MP: 4/7
   787 | D:1      | Reached XP level 3. HP: 10/25 MP: 2/9
   790 | D:1      | Reached skill level 5 in Spellcasting
  1018 | D:1      | Found a faded altar of an unknown god.
  1120 | D:1      | Found Suqats's Jewellery Emporium.
  1264 | D:2      | Reached skill level 1 in Invocations
  1424 | D:2      | Reached skill level 1 in Fighting
  1424 | D:2      | Reached skill level 1 in Short Blades
  1424 | D:2      | Reached skill level 1 in Long Blades
  1424 | D:2      | Reached skill level 1 in Axes
  1424 | D:2      | Reached skill level 1 in Maces & Flails
  1424 | D:2      | Reached skill level 1 in Polearms
  1424 | D:2      | Reached skill level 1 in Staves
  1424 | D:2      | Reached skill level 1 in Slings
  1424 | D:2      | Reached skill level 1 in Bows
  1424 | D:2      | Reached skill level 1 in Crossbows
  1424 | D:2      | Reached skill level 1 in Throwing
  1424 | D:2      | Reached skill level 1 in Armour
  1424 | D:2      | Reached skill level 1 in Shields
  1424 | D:2      | Reached skill level 1 in Unarmed Combat
  1424 | D:2      | Reached skill level 1 in Evocations
  1700 | D:2      | Reached XP level 4. HP: 32/32 MP: 6/11
  2213 | D:2      | Learned a level 2 spell: Scorch
  2217 | D:2      | Learned a level 3 spell: Conjure Flame
  2221 | D:2      | Learned a level 3 spell: Inner Flame
  2223 | D:2      | Learned a level 1 spell: Slow
  2608 | D:3      | Reached skill level 1 in Hexes
  2608 | D:3      | Reached skill level 1 in Summonings
  2608 | D:3      | Reached skill level 1 in Necromancy
  2608 | D:3      | Reached skill level 1 in Translocations
  2608 | D:3      | Reached skill level 1 in Transmutations
  2608 | D:3      | Reached skill level 1 in Ice Magic
  2608 | D:3      | Reached skill level 1 in Air Magic
  2608 | D:3      | Reached skill level 1 in Earth Magic
  2608 | D:3      | Reached skill level 1 in Poison Magic
  3223 | D:4      | Reached XP level 5. HP: 21/37 MP: 5/12
  3383 | D:4      | Found a hazy altar of Hepliaklqana.
  3390 | D:4      | Found Ushruigo's Weapon Shoppe.
  3406 | D:4      | Became a worshipper of Hepliaklqana the Forgotten
  3477 | D:4      | Identified the amulet of Myuzxy {Faith +Inv rC+ rN+}
  3617 | D:4      | Noticed an ogre
  3625 | D:4      | Killed an ogre
  3626 | D:4      | Reached XP level 6. HP: 44/44 MP: 5/14
  3699 | D:4      | Noticed a black bear
  3708 | D:4      | Killed a black bear
  3709 | D:4      | Reached skill level 5 in Dodging
  3775 | D:4      | Noticed a necrophage
  3786 | D:4      | Killed a necrophage
  3787 | D:4      | Reached XP level 7. HP: 32/50 MP: 8/15
  4373 | D:5      | Entered Level 5 of the Dungeon
  4563 | D:5      | Reached skill level 5 in Stealth
  4713 | D:5      | Noticed Grinder
  4720 | D:5      | Killed Grinder
  4721 | D:5      | Reached XP level 8. HP: 57/57 MP: 9/16
  4935 | D:5      | Reached * piety under Hepliaklqana
  5336 | D:5      | Identified the +9 quarterstaff "Omelette" {freeze, rF+
                  | Str+2 SInv}
  5559 | D:6      | Reached skill level 6 in Spellcasting
  5716 | D:6      | Noticed Dowan
  5719 | D:6      | Reached ** piety under Hepliaklqana
  5720 | D:6      | Remembered your ancestor Gnaeus as a hexer
  5722 | D:6      | Noticed Duvessa
  5736 | D:6      | Killed Duvessa
  5741 | D:6      | Killed Dowan
  6071 | D:6      | Reached XP level 9. HP: 58/58 MP: 18/18
  6226 | D:6      | Found a staircase to the Ecumenical Temple.
  6231 | Temple   | Entered the Ecumenical Temple
  6816 | D:7      | Noticed Menkaure
  6820 | D:7      | Killed Menkaure
  7344 | D:8      | Found a transporter.
  7350 | D:8      | Noticed turdburglar's ghost (novice DDFi)
  7396 | D:8      | Gained mutation: You expend magic power (3 MP) to
                  | strengthen your wands. [potion of mutation]
  7396 | D:8      | Gained mutation: Your natural rate of healing is unusually
                  | fast. [potion of mutation]
  7598 | D:8      | Reached *** piety under Hepliaklqana
  7818 | D:8      | Found Gofrey's Mayhem Merchandise.
  7848 | D:8      | Found a transporter.
  8339 | D:9      | Reached skill level 5 in Invocations
  8506 | D:9      | Reached skill level 7 in Spellcasting
  8543 | D:9      | Reached XP level 10. HP: 65/65 MP: 20/20
  8563 | D:9      | Reached skill level 5 in Fighting
  8563 | D:9      | Reached skill level 5 in Short Blades
  8563 | D:9      | Reached skill level 5 in Long Blades
  8563 | D:9      | Reached skill level 5 in Axes
  8563 | D:9      | Reached skill level 5 in Maces & Flails
  8563 | D:9      | Reached skill level 5 in Polearms
  8563 | D:9      | Reached skill level 5 in Staves
  8563 | D:9      | Reached skill level 5 in Slings
  8563 | D:9      | Reached skill level 5 in Bows
  8563 | D:9      | Reached skill level 5 in Crossbows
  8563 | D:9      | Reached skill level 5 in Throwing
  8563 | D:9      | Reached skill level 5 in Armour
  8563 | D:9      | Reached skill level 5 in Shields
  8563 | D:9      | Reached skill level 5 in Unarmed Combat
  8563 | D:9      | Reached skill level 5 in Evocations
  8584 | D:9      | Found a staircase to the Orcish Mines.
  8666 | D:9      | Noticed Gastronok
  8733 | D:9      | Killed Gastronok
  8813 | D:9      | Reached **** piety under Hepliaklqana
  8825 | D:9      | Noticed a kobold demonologist
  8842 | D:9      | Killed a kobold demonologist
  8843 | D:9      | Reached skill level 5 in Conjurations
  8856 | D:9      | HP: 3/66 [poisoned by a kobold brigand (curare-tipped
                  | dart)]
  9388 | D:10     | Entered Level 10 of the Dungeon
  9407 | D:10     | Noticed an ice statue
  9508 | D:9      | Learned a level 4 spell: Sticky Flame
  9513 | D:9      | Learned a level 4 spell: Flame Wave
  9517 | D:9      | Learned a level 3 spell: Teleport Other
 10422 | D:10     | Reached XP level 11. HP: 72/72 MP: 14/22
 10503 | D:10     | Noticed a two-headed ogre
 10511 | D:10     | Killed a two-headed ogre
 10512 | D:10     | Reached skill level 5 in Hexes
 10512 | D:10     | Reached skill level 5 in Summonings
 10512 | D:10     | Reached skill level 5 in Necromancy
 10512 | D:10     | Reached skill level 5 in Translocations
 10512 | D:10     | Reached skill level 5 in Transmutations
 10512 | D:10     | Reached skill level 5 in Ice Magic
 10512 | D:10     | Reached skill level 5 in Air Magic
 10512 | D:10     | Reached skill level 5 in Earth Magic
 10512 | D:10     | Reached skill level 5 in Poison Magic
 10713 | D:10     | Reached skill level 8 in Spellcasting
 10924 | D:11     | Noticed a manticore
 10924 | D:11     | Noticed a five-headed hydra
 10924 | D:11     | Noticed a boulder beetle
 10926 | D:11     | Noticed a seven-headed hydra
 10928 | D:11     | Noticed a tengu warrior
 10928 | D:11     | Slain by a five-headed hydra

Illustrated notes

Levels and vault maps discovered:
D:1:      psy_arrival_wood_between_worlds, layout_basic, serial_shops,
          nicolae_shop_hallway_plus, ebering_ecumenical_altar_rust,
          minmay_lizard_pond
D:2:      layout_basic, corexii_leaking_fountain
D:3:      layout_basic
D:4:      layout_loops_ring, overflow_temple_1_default, serial_shops, shop
D:5:      nicolae_cairo_tiling_large, layout_rooms, uniq_grinder
D:6:      layout_basic, temple_statues, uniq_duvessa
D:7:      layout_basic, minmay_misc_feat_room, kennysheep_nondescript,
          uniq_menkaure
D:8:      layout_basic, gammafunk_ghost_stat_death, minmay_shop_mayhem,
          small_statue_intersection
D:9:      layout_loops_ring, david_orc_1_choice, uniq_gastronok
D:10:     layout_basic, minivault_16, nzn_random_ring
D:11:     minmay_the_grid_triangle_9x9_rhombus_full_mashed
          [minmay_the_grid_triangle_9x9_negative_grid,
          minmay_the_grid_triangle_9x9_odd_lines,
          minmay_the_grid_triangle_9x9_empty,
          minmay_the_grid_triangle_9x9_stretched_checkered,
          minmay_the_grid_triangle_9x9_semitri,
          minmay_the_grid_triangle_9x9_sparse_checkered,
          minmay_the_grid_triangle_9x9_empty,
          minmay_the_grid_triangle_9x9_prize_special], layout_rooms,
          david_lair_shrubbed, portal_ice_cave_entry_pillars_2, serial_shops,
          nicolae_shop_behind_doors, kennysheep_mini, kennysheep_mini_moat,
          shop_coins, nicolae_take_the_stairs, minmay_checkerbox, uniq_grum,
          uniq_nergalle, uniq_snorg
Temple:   dpeg_three_leaves_temple

Skill      XL: |  1  2  3  4  5  6  7  8  9 10 11 |
---------------+----------------------------------+-----
Conjurations   | 2 3 4 5 |  5.6
Spellcasting   | 5 6 7 8 |  8.0
Invocations    | 1 2 3 4 5 6 |  6.7
Fighting       | 1 2 3 4 5 6 |  6.1
Short Blades   | 1 2 3 4 5 6 |  6.1
Long Blades    | 1 2 3 4 5 6 |  6.1
Axes           | 1 2 3 4 5 6 |  6.1
Maces & Flails | 1 2 3 4 5 6 |  6.1
Polearms       | 1 2 3 4 5 6 |  6.1
Staves         | 1 2 3 4 5 6 |  6.1
Slings         | 1 2 3 4 5 6 |  6.1
Bows           | 1 2 3 4 5 6 |  6.1
Crossbows      | 1 2 3 4 5 6 |  6.1
Throwing       | 1 2 3 4 5 6 |  6.1
Armour         | 1 2 3 4 5 6 |  6.1
Shields        | 1 2 3 4 5 6 |  6.1
Unarmed Combat | 1 2 3 4 5 6 |  6.1
Evocations     | 1 2 3 4 5 6 |  6.1
Hexes          | 1 2 3 4 5 |  5.1
Summonings     | 1 2 3 4 5 |  5.1
Necromancy     | 1 2 3 4 5 |  5.1
Translocations | 1 2 3 4 5 |  5.1
Transmutations | 1 2 3 4 5 |  5.1
Ice Magic      | 1 2 3 4 5 |  5.1
Air Magic      | 1 2 3 4 5 |  5.1
Earth Magic    | 1 2 3 4 5 |  5.1
Poison Magic   | 1 2 3 4 5 |  5.1
Dodging        | 5 6 7 |  7.7
Stealth        | 5 6 7 |  7.5
Fire Magic     | 6 7 |  7.5

Action                   |  1- 3 |  4- 6 |  7- 9 | 10-12 || total
-------------------------+-------+-------+-------+-------++-------
Melee: Short sword       |    19 |    14 |       |       ||    33
       Bite              |     1 |     3 |    13 |    14 ||    31
       Dagger            |       |     6 |     1 |       ||     7
       Rapier            |       |       |    11 |       ||    11
       Quarterstaff      |       |       |   120 |    99 ||   219
 Cast: Foxfire           |    83 |    87 |    63 |    77 ||   310
       Inner Flame       |       |       |       |     9 ||     9
       Scorch            |       |       |       |    10 ||    10
       Conjure Flame     |       |       |       |     3 ||     3
       Sticky Flame      |       |       |       |     2 ||     2
Invok: Ancestor Life: He |       |       |     1 |       ||     1
  Use: Potion            |       |       |     4 |       ||     4
       Scroll            |       |       |       |     3 ||     3
 Stab: Sleeping          |       |     5 |     5 |     4 ||    14
       Confused          |       |       |     6 |       ||     6
       Distracted        |       |       |     1 |     1 ||     2
Armor: Robe              |     5 |     5 |     2 |       ||    12
       Steam dragon scal |       |       |    37 |    12 ||    49
       Troll leather arm |       |       |       |    19 ||    19
Dodge: Dodged            |    19 |    17 |    98 |    96 ||   230
